[ PARTIDA AOE2 · #474293378 ]
UnrankedPersas vs Mongols
Equipo del jugador · DERR
[ ANÁLISIS DE REPETICIÓN · EXTRAÍDO DE LA PARTIDA GRABADA ]
Feudal
8:52
Castillos
20:50
Imperial
—
| APM promedio | 63.8 |
| APM pico | 101 |
| eAPM promedio | 23.2 |
| Aldeanos / militares | 116 / 57 |
Foco
⚔️ 33.5% · 🌾 66.5%
Knight ×45 · Scout Cavalry ×12
Feudal
11:46
Castillos
22:10
Imperial
—
| APM promedio | 43.5 |
| APM pico | 76 |
| eAPM promedio | 22.8 |
| Aldeanos / militares | 91 / 59 |
Foco
⚔️ 29.0% · 🌾 71.0%
Skirmisher ×50 · Spearman ×9
Feudal
10:48
Castillos
24:59
Imperial
—
| APM promedio | 53.6 |
| APM pico | 86 |
| eAPM promedio | 23.4 |
| Aldeanos / militares | 85 / 49 |
Foco
⚔️ 35.8% · 🌾 64.2%
Scout Cavalry ×48 · Spearman ×1
Feudal
9:09
Castillos
26:13
Imperial
—
| APM promedio | 22.2 |
| APM pico | 41 |
| eAPM promedio | 12.6 |
| Aldeanos / militares | 52 / 30 |
Foco
⚔️ 38.3% · 🌾 61.7%
Scout Cavalry ×28 · Battle Elephant ×2
Feudal
9:13
Castillos
25:12
Imperial
—
| APM promedio | 27.2 |
| APM pico | 76 |
| eAPM promedio | 15.5 |
| Aldeanos / militares | 56 / 29 |
Foco
⚔️ 20.1% · 🌾 79.9%
Archer ×17 · Skirmisher ×5 · Scout Cavalry ×3 · Throwing Axeman ×3 · Spearman ×1
Feudal
12:05
Castillos
16:00
Imperial
—
| APM promedio | 33.6 |
| APM pico | 68 |
| eAPM promedio | 14.3 |
| Aldeanos / militares | 64 / 45 |
Foco
⚔️ 29.8% · 🌾 70.2%
Hand Cannoneer ×30 · Spearman ×14 · Archer ×1
Feudal
8:29
Castillos
23:26
Imperial
—
| APM promedio | 67.2 |
| APM pico | 102 |
| eAPM promedio | 24.6 |
| Aldeanos / militares | 81 / 94 |
Foco
⚔️ 39.2% · 🌾 60.8%
Archer ×85 · Iron Pagoda ×7 · Spearman ×2
Feudal
10:09
Castillos
17:58
Imperial
—
| APM promedio | 45.7 |
| APM pico | 90 |
| eAPM promedio | 18.9 |
| Aldeanos / militares | 66 / 35 |
Foco
⚔️ 24.5% · 🌾 75.5%
Huskarl ×20 · Militia ×6 · Skirmisher ×5 · Spearman ×4
Mapa de la partida
Recursos iniciales + cada clic de construcción. Líneas = muros · curvas = relieve. ◆ oro · ⬟ piedra · ● bayas · ✦ reliquia · ◌ hueco del cierre
Tu base· Abierta — flanco sin cerrar
Base de Welldone· Abierta — hueco de 13t
Base de Monsoon Neutralizer· Abierta — hueco de 3t
Base de PeterPan· Abierta — hueco de 13t
Base de Medina90· Abierta — hueco de 3t
Base de ikaros· Abierta — hueco de 5t
Base de Benitto Burrito· Abierta — hueco de 15t
Base de Avar· Abierta — hueco de 9t
Terreno inicial suavizado · ◌ = hueco del cierre detectado · pasá el cursor para detalles
Inputs por minuto
— memecoin enthusiast - - Welldone
Build order — memecoin enthusiast
Primeras 150 de 289 acciones detectadas
| 0:12 | Construir | Town Center |
| 1:15 | Crear | Villager (Male) |
| 1:16 | Crear | Villager (Male) |
| 1:16 | Crear | Villager (Male) |
| 1:17 | Crear | Villager (Male) |
| 1:17 | Crear | Villager (Male) |
| 1:18 | Crear | Villager (Male) |
| 1:56 | Crear | Villager (Male) |
| 1:56 | Crear | Villager (Male) |
| 2:34 | Construir | Lumber Camp |
| 2:57 | Crear | Villager (Male) |
| 2:58 | Crear | Villager (Male) |
| 3:26 | Crear | Villager (Male) |
| 3:27 | Crear | Villager (Male) |
| 3:54 | Crear | Villager (Male) |
| 3:54 | Crear | Villager (Male) |
| 4:03 | Crear | Villager (Male) |
| 4:03 | Crear | Villager (Male) |
| 4:55 | Construir | Mill |
| 5:18 | Crear | Villager (Male) |
| 5:19 | Crear | Villager (Male) |
| 5:23 | Construir | Mill |
| 6:11 | Investigar | Loom |
| 6:48 | Investigar | Feudal Age |
| 6:49 | Investigar | Feudal Age |
| 7:42 | Construir | Barracks |
| 7:43 | Construir | House |
| 7:44 | Construir | House |
| 8:46 | Crear | Villager (Male) |
| 8:52 | Edad | Edad Feudal |
| 8:56 | Construir | Stable |
| 8:58 | Investigar | Double-Bit Axe |
| 9:17 | Crear | Villager (Male) |
| 9:43 | Crear | Villager (Male) |
| 9:48 | Crear | Villager (Male) |
| 10:12 | Crear | Villager (Male) |
| 10:17 | Crear | Scout Cavalry |
| 10:17 | Crear | Scout Cavalry |
| 10:18 | Crear | Scout Cavalry |
| 10:23 | Construir | House |
| 10:25 | Construir | House |
| 10:27 | Construir | House |
| 10:28 | Construir | House |
| 10:31 | Crear | Villager (Male) |
| 10:39 | Construir | Farm |
| 10:40 | Construir | Farm |
| 10:41 | Construir | Farm |
| 11:11 | Crear | Villager (Male) |
| 11:14 | Crear | Scout Cavalry |
| 11:19 | Crear | Villager (Male) |
| 11:35 | Crear | Villager (Male) |
| 11:39 | Construir | Farm |
| 11:41 | Construir | Farm |
| 11:42 | Construir | Farm |
| 11:43 | Construir | Farm |
| 11:58 | Crear | Scout Cavalry |
| 12:08 | Construir | House |
| 12:11 | Construir | House |
| 12:13 | Construir | House |
| 12:15 | Crear | Villager (Male) |
| 12:42 | Crear | Villager (Male) |
| 12:49 | Crear | Villager (Male) |
| 12:51 | Crear | Scout Cavalry |
| 12:52 | Crear | Scout Cavalry |
| 12:53 | Crear | Villager (Male) |
| 12:53 | Crear | Villager (Male) |
| 12:53 | Crear | Villager (Male) |
| 12:54 | Crear | Villager (Male) |
| 13:14 | Construir | Palisade Wall |
| 13:16 | Construir | Palisade Wall |
| 13:37 | Construir | Farm |
| 13:39 | Construir | Farm |
| 13:45 | Construir | Farm |
| 13:46 | Construir | Farm |
| 13:51 | Investigar | Horse Collar |
| 13:51 | Investigar | Horse Collar |
| 13:53 | Crear | Scout Cavalry ×2 |
| 13:54 | Crear | Scout Cavalry |
| 14:12 | Construir | Farm |
| 14:34 | Crear | Villager (Male) |
| 14:40 | Construir | Farm |
| 14:41 | Construir | Farm |
| 14:49 | Crear | Villager (Male) |
| 14:59 | Crear | Villager (Male) |
| 15:01 | Crear | Scout Cavalry |
| 15:01 | Crear | Scout Cavalry |
| 15:19 | Construir | Mining Camp |
| 15:27 | Construir | Farm |
| 15:29 | Crear | Villager (Male) |
| 15:55 | Crear | Villager (Male) |
| 15:59 | Construir | Farm |
| 16:01 | Construir | Farm |
| 16:04 | Construir | House |
| 16:07 | Construir | Palisade Wall |
| 16:10 | Construir | Palisade Wall |
| 16:13 | Construir | Palisade Wall |
| 16:33 | Crear | Villager (Male) |
| 16:59 | Crear | Villager (Male) |
| 17:26 | Crear | Villager (Male) |
| 17:35 | Construir | Blacksmith |
| 17:44 | Construir | House |
| 17:48 | Construir | Palisade Wall |
| 17:50 | Construir | Palisade Wall |
| 17:51 | Construir | Palisade Wall |
| 17:54 | Construir | Palisade Wall |
| 17:57 | Construir | Palisade Wall |
| 17:59 | Crear | Villager (Male) |
| 18:25 | Investigar | Castle Age |
| 18:25 | Investigar | Castle Age |
| 18:26 | Investigar | Castle Age |
| 18:38 | Construir | Stable |
| 18:59 | Investigar | Forging |
| 19:00 | Investigar | Forging |
| 19:00 | Investigar | Scale Barding Armor |
| 19:01 | Investigar | Scale Barding Armor |
| 19:03 | Investigar | Bloodlines |
| 19:03 | Investigar | Bloodlines |
| 19:53 | Construir | Lumber Camp |
| 20:46 | Crear | Villager (Male) |
| 20:50 | Edad | Edad de los Castillos |
| 20:54 | Investigar | Light Cavalry (upgrade) |
| 20:54 | Investigar | Light Cavalry (upgrade) |
| 20:55 | Investigar | Husbandry |
| 20:55 | Investigar | Husbandry |
| 20:55 | Crear | Knight |
| 20:56 | Crear | Knight |
| 20:56 | Crear | Knight |
| 21:01 | Investigar | Chain Barding Armor |
| 21:01 | Investigar | Chain Barding Armor |
| 21:05 | Crear | Villager (Male) |
| 21:19 | Crear | Villager (Male) |
| 21:48 | Crear | Villager (Male) ×3 |
| 21:54 | Crear | Knight |
| 21:55 | Crear | Knight |
| 22:07 | Crear | Villager (Male) |
| 22:08 | Crear | Villager (Male) |
| 22:16 | Construir | House |
| 22:18 | Construir | House |
| 22:21 | Construir | House |
| 22:24 | Construir | House |
| 22:31 | Investigar | Iron Casting |
| 22:32 | Investigar | Iron Casting |
| 22:39 | Construir | Town Center |
| 22:47 | Construir | Town Center |
| 23:03 | Crear | Villager (Male) |
| 23:03 | Crear | Villager (Male) |
| 23:03 | Crear | Villager (Male) |
| 23:21 | Crear | Villager (Male) ×2 |
| 23:21 | Crear | Villager (Male) |
| 23:27 | Crear | Knight |
Build order — Welldone
Primeras 150 de 223 acciones detectadas
| 0:29 | Construir | Town Center |
| 1:36 | Crear | Villager (Male) |
| 1:36 | Crear | Villager (Male) |
| 1:36 | Crear | Villager (Male) |
| 1:37 | Crear | Villager (Male) |
| 2:38 | Crear | Villager (Male) |
| 2:38 | Crear | Villager (Male) |
| 2:57 | Crear | Villager (Male) |
| 2:57 | Crear | Villager (Male) |
| 3:05 | Crear | Villager (Male) |
| 3:05 | Crear | Villager (Male) |
| 3:05 | Crear | Villager (Male) |
| 3:45 | Crear | Villager (Male) |
| 3:45 | Crear | Villager (Male) |
| 3:45 | Crear | Villager (Male) |
| 3:46 | Crear | Villager (Male) |
| 3:47 | Investigar | Loom |
| 3:47 | Investigar | Loom |
| 4:07 | Crear | Villager (Male) |
| 4:08 | Crear | Villager (Male) |
| 4:08 | Crear | Villager (Male) |
| 5:12 | Crear | Villager (Male) |
| 5:13 | Crear | Villager (Male) |
| 5:31 | Crear | Villager (Male) |
| 5:32 | Crear | Villager (Male) |
| 5:36 | Construir | House |
| 5:51 | Crear | Villager (Male) |
| 5:52 | Crear | Villager (Male) |
| 6:01 | Crear | Villager (Male) |
| 6:20 | Crear | Villager (Male) |
| 6:20 | Crear | Villager (Male) |
| 6:39 | Construir | Mill |
| 7:14 | Crear | Villager (Male) |
| 7:15 | Crear | Villager (Male) |
| 7:15 | Crear | Villager (Male) |
| 7:17 | Construir | Mill |
| 8:11 | Construir | Barracks |
| 8:46 | Crear | Villager (Male) |
| 8:50 | Construir | Lumber Camp |
| 8:53 | Crear | Villager (Male) |
| 9:16 | Construir | House |
| 9:18 | Construir | House |
| 9:36 | Investigar | Feudal Age |
| 10:32 | Crear | Villager (Male) |
| 10:40 | Crear | Villager (Male) |
| 11:38 | Crear | Villager (Male) |
| 11:46 | Edad | Edad Feudal |
| 11:53 | Construir | Watch Tower |
| 11:57 | Construir | Watch Tower |
| 12:17 | Crear | Villager (Male) |
| 12:17 | Crear | Villager (Male) |
| 12:37 | Construir | Watch Tower |
| 12:55 | Crear | Villager (Male) |
| 12:55 | Crear | Villager (Male) |
| 12:56 | Crear | Villager (Male) |
| 12:56 | Crear | Villager (Male) |
| 13:23 | Construir | Farm |
| 13:24 | Construir | Farm |
| 13:24 | Construir | Farm |
| 13:24 | Construir | Farm |
| 13:24 | Construir | Farm |
| 13:24 | Construir | Farm |
| 13:25 | Construir | Farm |
| 13:25 | Construir | Farm |
| 13:25 | Construir | Farm |
| 13:25 | Construir | Farm |
| 13:26 | Construir | Farm |
| 13:26 | Construir | Farm |
| 13:26 | Construir | Farm |
| 13:27 | Construir | Farm |
| 14:07 | Crear | Villager (Male) |
| 14:07 | Crear | Villager (Male) |
| 14:22 | Crear | Villager (Male) |
| 14:23 | Crear | Villager (Male) |
| 14:43 | Construir | Archery Range |
| 14:53 | Crear | Villager (Male) |
| 14:58 | Construir | House |
| 14:59 | Construir | House |
| 15:03 | Crear | Villager (Male) |
| 15:08 | Crear | Villager (Male) |
| 15:20 | Investigar | Wheelbarrow |
| 15:20 | Investigar | Wheelbarrow |
| 15:32 | Crear | Villager (Male) |
| 15:38 | Crear | Skirmisher |
| 15:39 | Crear | Skirmisher |
| 15:39 | Crear | Skirmisher |
| 15:42 | Construir | House |
| 16:01 | Crear | Skirmisher |
| 16:02 | Crear | Skirmisher |
| 16:02 | Crear | Skirmisher |
| 16:21 | Construir | House |
| 16:24 | Crear | Villager (Male) |
| 16:50 | Construir | House |
| 16:52 | Crear | Villager (Male) |
| 16:55 | Crear | Skirmisher |
| 16:55 | Crear | Skirmisher |
| 17:05 | Crear | Spearman |
| 17:18 | Crear | Skirmisher |
| 17:21 | Crear | Villager (Male) |
| 17:40 | Construir | House |
| 18:11 | Crear | Villager (Male) |
| 18:35 | Construir | Market |
| 18:40 | Crear | Villager (Male) |
| 18:44 | Crear | Villager (Male) |
| 18:45 | Crear | Skirmisher |
| 18:46 | Crear | Skirmisher |
| 18:51 | Crear | Spearman |
| 18:51 | Crear | Spearman |
| 19:20 | Investigar | Castle Age |
| 19:20 | Investigar | Castle Age |
| 19:21 | Investigar | Castle Age |
| 19:24 | Investigar | Double-Bit Axe |
| 19:25 | Crear | Skirmisher |
| 19:26 | Crear | Skirmisher |
| 19:47 | Crear | Spearman |
| 19:47 | Crear | Spearman |
| 19:52 | Crear | Skirmisher |
| 19:58 | Construir | Blacksmith |
| 20:18 | Construir | House |
| 20:18 | Construir | House |
| 20:18 | Construir | House |
| 20:18 | Construir | House |
| 20:19 | Construir | House |
| 20:19 | Construir | House |
| 20:22 | Crear | Skirmisher |
| 20:22 | Crear | Skirmisher |
| 21:44 | Crear | Villager (Male) |
| 21:44 | Crear | Villager (Male) |
| 21:54 | Construir | Archery Range |
| 21:55 | Crear | Villager (Male) |
| 21:55 | Crear | Villager (Male) |
| 22:02 | Construir | House |
| 22:10 | Edad | Edad de los Castillos |
| 22:12 | Investigar | Horse Collar |
| 22:16 | Crear | Skirmisher |
| 22:17 | Crear | Skirmisher |
| 22:17 | Crear | Skirmisher |
| 22:24 | Crear | Spearman |
| 22:24 | Crear | Spearman |
| 22:30 | Crear | Villager (Male) |
| 22:31 | Investigar | Bow Saw |
| 22:31 | Investigar | Bow Saw |
| 22:41 | Construir | Town Center |
| 22:50 | Investigar | Scale Mail Armor |
| 22:58 | Investigar | Padded Archer Armor |
| 23:02 | Crear | Skirmisher |
| 23:03 | Crear | Skirmisher |
| 23:17 | Crear | Villager (Male) |
| 23:17 | Crear | Villager (Male) |
| 23:21 | Construir | Lumber Camp |
Build order — Monsoon Neutralizer
Primeras 150 de 221 acciones detectadas
| 0:27 | Construir | Town Center |
| 1:28 | Investigar | Loom |
| 2:17 | Crear | Villager (Male) |
| 2:17 | Crear | Villager (Male) |
| 2:18 | Crear | Villager (Male) |
| 2:52 | Crear | Villager (Male) |
| 2:52 | Crear | Villager (Male) |
| 3:16 | Construir | Mill |
| 3:25 | Crear | Villager (Male) |
| 3:47 | Crear | Villager (Male) |
| 3:47 | Crear | Villager (Male) |
| 4:21 | Crear | Villager (Male) |
| 4:21 | Crear | Villager (Male) |
| 4:28 | Construir | House |
| 4:48 | Crear | Villager (Male) |
| 4:48 | Crear | Villager (Male) |
| 5:16 | Crear | Villager (Male) |
| 5:16 | Crear | Villager (Male) |
| 5:16 | Crear | Villager (Male) |
| 5:43 | Crear | Villager (Male) |
| 5:44 | Crear | Villager (Male) |
| 5:57 | Crear | Villager (Male) |
| 6:08 | Construir | House |
| 6:28 | Crear | Villager (Male) |
| 6:28 | Crear | Villager (Male) |
| 6:49 | Construir | House |
| 6:54 | Crear | Villager (Male) |
| 7:06 | Crear | Villager (Male) |
| 7:25 | Crear | Villager (Male) |
| 7:29 | Construir | Barracks |
| 7:37 | Crear | Villager (Male) |
| 7:43 | Crear | Villager (Male) |
| 8:13 | Crear | Villager (Male) |
| 8:29 | Investigar | Feudal Age |
| 8:29 | Investigar | Feudal Age |
| 9:11 | Crear | Villager (Male) |
| 9:32 | Construir | Mill |
| 10:48 | Edad | Edad Feudal |
| 10:51 | Construir | Stable |
| 10:56 | Construir | Blacksmith |
| 10:58 | Investigar | Horse Collar |
| 11:08 | Construir | Lumber Camp |
| 11:14 | Crear | Villager (Male) |
| 11:14 | Crear | Villager (Male) |
| 11:16 | Construir | Farm |
| 11:19 | Construir | Farm |
| 11:23 | Construir | Farm |
| 11:27 | Construir | Farm |
| 11:30 | Crear | Villager (Male) |
| 11:43 | Crear | Scout Cavalry |
| 11:43 | Crear | Scout Cavalry |
| 11:57 | Investigar | Double-Bit Axe |
| 11:59 | Crear | Villager (Male) |
| 12:06 | Crear | Spearman |
| 12:26 | Crear | Villager (Male) |
| 12:36 | Construir | Farm |
| 12:42 | Construir | Farm |
| 12:46 | Construir | Farm |
| 12:49 | Crear | Scout Cavalry |
| 12:50 | Crear | Scout Cavalry |
| 13:12 | Crear | Villager (Male) |
| 13:19 | Construir | Farm |
| 13:22 | Construir | Farm |
| 13:27 | Construir | Farm |
| 13:29 | Construir | Farm |
| 13:33 | Construir | Farm |
| 13:34 | Crear | Villager (Male) |
| 13:39 | Construir | House |
| 13:40 | Construir | House |
| 13:41 | Construir | House |
| 14:19 | Crear | Villager (Male) |
| 14:19 | Crear | Villager (Male) |
| 14:23 | Construir | Farm |
| 14:25 | Investigar | Wheelbarrow |
| 14:46 | Crear | Villager (Male) |
| 14:51 | Construir | Mining Camp |
| 15:00 | Investigar | Scale Barding Armor |
| 15:01 | Investigar | Scale Barding Armor |
| 15:08 | Crear | Villager (Male) |
| 15:24 | Crear | Scout Cavalry |
| 15:24 | Crear | Scout Cavalry |
| 15:36 | Construir | Farm |
| 15:51 | Construir | Farm |
| 15:52 | Construir | Farm |
| 15:52 | Construir | Farm |
| 15:52 | Construir | Farm |
| 16:16 | Crear | Villager (Male) |
| 16:16 | Crear | Villager (Male) |
| 16:19 | Construir | Farm |
| 17:08 | Construir | Farm |
| 17:12 | Construir | Farm |
| 17:16 | Construir | Farm |
| 17:39 | Crear | Villager (Male) |
| 17:39 | Crear | Villager (Male) |
| 17:46 | Crear | Scout Cavalry |
| 17:46 | Crear | Scout Cavalry |
| 17:46 | Crear | Scout Cavalry |
| 17:48 | Construir | Farm |
| 18:11 | Construir | Farm |
| 18:25 | Crear | Villager (Male) |
| 18:27 | Crear | Villager (Male) |
| 18:28 | Investigar | Gold Mining |
| 18:29 | Investigar | Gold Mining |
| 18:32 | Construir | Farm |
| 18:37 | Investigar | Forging |
| 18:43 | Construir | Stable |
| 18:53 | Crear | Villager (Male) |
| 18:54 | Crear | Villager (Male) |
| 18:57 | Crear | Scout Cavalry |
| 18:57 | Crear | Scout Cavalry |
| 18:58 | Crear | Scout Cavalry |
| 19:36 | Crear | Scout Cavalry |
| 19:36 | Crear | Scout Cavalry |
| 19:36 | Crear | Scout Cavalry |
| 19:43 | Crear | Scout Cavalry |
| 19:43 | Crear | Scout Cavalry |
| 19:45 | Crear | Scout Cavalry |
| 19:45 | Crear | Scout Cavalry |
| 19:45 | Crear | Scout Cavalry |
| 19:51 | Construir | Farm |
| 19:58 | Crear | Scout Cavalry |
| 19:58 | Crear | Scout Cavalry |
| 19:58 | Crear | Scout Cavalry |
| 20:10 | Crear | Villager (Male) |
| 20:10 | Crear | Villager (Male) |
| 20:11 | Crear | Villager (Male) |
| 20:17 | Construir | House |
| 20:18 | Construir | House |
| 20:19 | Construir | House |
| 20:33 | Investigar | Bloodlines |
| 20:34 | Crear | Scout Cavalry |
| 21:27 | Crear | Villager (Male) |
| 21:27 | Crear | Villager (Male) |
| 21:27 | Crear | Villager (Male) |
| 21:28 | Crear | Villager (Male) |
| 21:31 | Crear | Scout Cavalry |
| 21:31 | Crear | Scout Cavalry |
| 21:54 | Crear | Villager (Male) |
| 21:54 | Crear | Villager (Male) |
| 21:55 | Crear | Villager (Male) |
| 22:07 | Construir | Mining Camp |
| 22:16 | Investigar | Castle Age |
| 22:34 | Crear | Scout Cavalry |
| 22:35 | Crear | Scout Cavalry |
| 22:43 | Crear | Villager (Male) |
| 22:51 | Construir | Stable |
| 23:39 | Crear | Villager (Male) |
| 23:39 | Crear | Villager (Male) |
| 23:43 | Construir | Lumber Camp |
| 24:18 | Crear | Scout Cavalry ×5 |
Build order — PeterPan
Primeras 150 de 159 acciones detectadas
| 0:05 | Construir | Town Center |
| 1:08 | Crear | Villager (Male) |
| 1:34 | Crear | Villager (Male) |
| 1:34 | Crear | Villager (Male) |
| 1:34 | Crear | Villager (Male) |
| 1:35 | Crear | Villager (Male) |
| 1:45 | Construir | Lumber Camp |
| 1:50 | Crear | Villager (Male) |
| 2:47 | Crear | Villager (Male) |
| 2:57 | Crear | Villager (Male) |
| 3:17 | Construir | Mill |
| 3:31 | Crear | Villager (Male) |
| 4:05 | Crear | Villager (Male) |
| 4:43 | Crear | Villager (Male) |
| 4:44 | Crear | Villager (Male) |
| 5:25 | Crear | Villager (Male) |
| 5:49 | Crear | Villager (Male) |
| 5:50 | Investigar | Loom |
| 6:06 | Construir | Barracks |
| 6:53 | Investigar | Feudal Age |
| 7:09 | Construir | House |
| 7:41 | Crear | Villager (Male) |
| 7:49 | Construir | House |
| 7:52 | Construir | Palisade Wall |
| 8:27 | Construir | House |
| 9:08 | Construir | Palisade Wall |
| 9:09 | Edad | Edad Feudal |
| 9:11 | Construir | Stable |
| 9:31 | Crear | Villager (Male) |
| 9:33 | Investigar | Double-Bit Axe |
| 9:43 | Investigar | Horse Collar |
| 9:49 | Construir | Palisade Gate |
| 9:54 | Construir | House |
| 9:59 | Construir | Palisade Wall |
| 10:00 | Crear | Scout Cavalry |
| 10:01 | Crear | Scout Cavalry |
| 10:02 | Crear | Villager (Male) |
| 10:06 | Crear | Villager (Male) |
| 10:15 | Construir | Farm |
| 10:27 | Construir | Mill |
| 10:36 | Crear | Villager (Male) |
| 10:42 | Construir | Palisade Wall |
| 10:43 | Crear | Scout Cavalry |
| 11:06 | Construir | Farm |
| 11:12 | Construir | Farm |
| 11:14 | Construir | Farm |
| 11:19 | Crear | Villager (Male) |
| 11:21 | Crear | Scout Cavalry |
| 11:22 | Crear | Villager (Male) |
| 11:40 | Construir | House |
| 11:54 | Crear | Scout Cavalry |
| 11:58 | Construir | Farm |
| 12:01 | Construir | Farm |
| 12:03 | Crear | Villager (Male) |
| 12:10 | Construir | Farm |
| 12:17 | Construir | Palisade Wall |
| 12:38 | Crear | Villager (Male) |
| 12:39 | Crear | Villager (Male) |
| 12:46 | Construir | Blacksmith |
| 13:05 | Crear | Scout Cavalry |
| 13:07 | Crear | Scout Cavalry |
| 13:22 | Construir | Farm |
| 13:26 | Construir | Farm |
| 13:28 | Crear | Villager (Male) |
| 13:56 | Crear | Villager (Male) |
| 14:03 | Crear | Scout Cavalry |
| 14:11 | Crear | Scout Cavalry |
| 14:14 | Construir | House |
| 14:21 | Construir | Farm |
| 14:26 | Investigar | Wheelbarrow |
| 14:51 | Crear | Villager (Male) |
| 14:54 | Construir | House |
| 15:04 | Construir | Palisade Gate |
| 15:10 | Crear | Scout Cavalry |
| 15:15 | Crear | Villager (Male) |
| 15:21 | Construir | Blacksmith |
| 15:25 | Crear | Villager (Male) |
| 15:28 | Construir | Farm |
| 15:32 | Construir | Farm |
| 15:46 | Crear | Scout Cavalry |
| 15:51 | Investigar | Scale Barding Armor |
| 15:55 | Investigar | Forging |
| 16:14 | Crear | Scout Cavalry |
| 16:15 | Crear | Villager (Male) |
| 16:36 | Construir | Watch Tower |
| 16:50 | Crear | Scout Cavalry |
| 17:01 | Crear | Villager (Male) |
| 17:13 | Crear | Villager (Male) |
| 17:39 | Crear | Scout Cavalry |
| 17:39 | Crear | Scout Cavalry |
| 17:49 | Construir | Farm |
| 17:52 | Construir | House |
| 17:53 | Construir | House |
| 17:59 | Crear | Villager (Male) |
| 18:00 | Crear | Villager (Male) |
| 18:12 | Construir | Farm |
| 18:16 | Construir | Mining Camp |
| 18:22 | Construir | House |
| 18:38 | Crear | Villager (Male) |
| 18:46 | Crear | Scout Cavalry |
| 18:55 | Construir | House |
| 18:57 | Construir | House |
| 18:58 | Construir | House |
| 19:00 | Construir | House |
| 19:07 | Construir | House |
| 19:16 | Construir | Farm |
| 19:18 | Crear | Villager (Male) |
| 19:39 | Crear | Villager (Male) |
| 19:54 | Investigar | Bloodlines |
| 19:56 | Crear | Villager (Male) |
| 20:02 | Construir | Farm |
| 20:12 | Crear | Scout Cavalry |
| 20:26 | Construir | Mining Camp |
| 20:33 | Crear | Villager (Male) |
| 20:54 | Crear | Villager (Male) |
| 21:12 | Crear | Scout Cavalry |
| 21:13 | Crear | Villager (Male) |
| 21:22 | Crear | Villager (Male) |
| 21:33 | Crear | Scout Cavalry |
| 21:48 | Construir | House |
| 21:56 | Construir | Lumber Camp |
| 22:01 | Construir | Farm |
| 22:07 | Crear | Villager (Male) |
| 22:19 | Crear | Villager (Male) |
| 22:21 | Construir | Market |
| 22:24 | Construir | Lumber Camp |
| 22:54 | Crear | Scout Cavalry |
| 23:33 | Investigar | Castle Age |
| 23:42 | Crear | Scout Cavalry |
| 23:43 | Crear | Scout Cavalry |
| 23:49 | Construir | Stable |
| 23:51 | Crear | Villager (Male) |
| 24:28 | Crear | Scout Cavalry |
| 24:29 | Crear | Scout Cavalry |
| 24:48 | Construir | House |
| 25:00 | Construir | Farm |
| 25:14 | Crear | Scout Cavalry |
| 25:14 | Crear | Scout Cavalry |
| 25:30 | Crear | Scout Cavalry |
| 25:31 | Crear | Scout Cavalry |
| 25:41 | Construir | Farm |
| 25:43 | Construir | Farm |
| 25:48 | Construir | Farm |
| 26:13 | Edad | Edad de los Castillos |
| 26:15 | Construir | Town Center |
| 26:21 | Investigar | Light Cavalry (upgrade) |
| 26:22 | Crear | Battle Elephant |
| 26:22 | Crear | Battle Elephant |
| 26:49 | Investigar | Husbandry |
| 26:52 | Crear | Villager (Male) |
Build order — Medina90
Primeras 150 de 160 acciones detectadas
| 0:06 | Construir | Town Center |
| 1:08 | Crear | Villager (Male) |
| 1:08 | Crear | Villager (Male) |
| 1:09 | Crear | Villager (Male) |
| 1:09 | Crear | Villager (Male) |
| 1:43 | Crear | Villager (Male) |
| 1:43 | Crear | Villager (Male) |
| 1:49 | Construir | Lumber Camp |
| 2:39 | Crear | Villager (Male) |
| 3:22 | Crear | Villager (Male) |
| 3:44 | Crear | Villager (Male) |
| 3:53 | Crear | Villager (Male) |
| 4:39 | Construir | Mill |
| 4:56 | Crear | Villager (Male) |
| 4:56 | Crear | Villager (Male) |
| 5:23 | Crear | Villager (Male) |
| 5:24 | Crear | Villager (Male) |
| 5:31 | Crear | Villager (Male) |
| 6:26 | Investigar | Loom |
| 7:00 | Investigar | Feudal Age |
| 7:24 | Construir | Barracks |
| 8:27 | Construir | Palisade Wall |
| 9:13 | Edad | Edad Feudal |
| 9:18 | Construir | Stable |
| 9:27 | Construir | Palisade Gate |
| 9:33 | Crear | Villager (Male) |
| 9:48 | Crear | Spearman |
| 9:54 | Crear | Villager (Male) |
| 9:57 | Construir | House |
| 10:09 | Crear | Scout Cavalry |
| 10:09 | Crear | Scout Cavalry |
| 10:10 | Crear | Scout Cavalry |
| 10:53 | Construir | Archery Range |
| 10:57 | Construir | Mining Camp |
| 11:02 | Construir | Watch Tower |
| 11:22 | Crear | Villager (Male) |
| 11:24 | Crear | Villager (Male) |
| 11:44 | Crear | Villager (Male) |
| 12:03 | Crear | Villager (Male) |
| 12:04 | Construir | House |
| 12:14 | Construir | Lumber Camp |
| 12:33 | Crear | Archer |
| 12:33 | Crear | Archer |
| 12:47 | Crear | Archer |
| 13:21 | Crear | Villager (Male) |
| 13:32 | Crear | Villager (Male) |
| 13:35 | Construir | Blacksmith |
| 14:02 | Construir | Farm |
| 14:02 | Construir | Farm |
| 14:02 | Construir | Farm |
| 14:03 | Construir | Farm |
| 14:03 | Construir | Farm |
| 14:03 | Construir | Farm |
| 14:06 | Crear | Villager (Male) |
| 14:10 | Crear | Archer |
| 14:19 | Crear | Villager (Male) |
| 14:20 | Crear | Villager (Male) |
| 14:38 | Crear | Villager (Male) |
| 14:44 | Construir | Farm |
| 14:48 | Construir | House |
| 14:53 | Crear | Villager (Male) |
| 15:09 | Crear | Archer |
| 15:10 | Crear | Archer |
| 15:15 | Construir | Farm |
| 15:37 | Construir | Farm |
| 15:45 | Crear | Archer |
| 15:58 | Crear | Villager (Male) |
| 16:04 | Construir | Farm |
| 16:08 | Crear | Villager (Male) |
| 16:28 | Crear | Villager (Male) |
| 16:29 | Crear | Villager (Male) |
| 16:32 | Construir | House |
| 17:09 | Crear | Archer |
| 17:09 | Crear | Archer |
| 17:09 | Crear | Archer |
| 17:10 | Crear | Archer |
| 17:15 | Construir | Lumber Camp |
| 17:24 | Construir | Farm |
| 17:25 | Construir | Farm |
| 17:25 | Construir | Farm |
| 17:25 | Construir | Farm |
| 17:25 | Construir | Farm |
| 17:32 | Crear | Archer |
| 18:11 | Crear | Villager (Male) |
| 18:11 | Crear | Villager (Male) |
| 18:16 | Construir | Palisade Wall |
| 19:06 | Crear | Skirmisher |
| 19:07 | Crear | Archer |
| 19:07 | Crear | Skirmisher |
| 19:08 | Crear | Archer |
| 19:08 | Crear | Skirmisher |
| 19:12 | Construir | House |
| 19:20 | Construir | Palisade Wall |
| 19:22 | Construir | Palisade Wall |
| 19:47 | Construir | Palisade Wall |
| 19:49 | Crear | Villager (Male) |
| 20:10 | Crear | Villager (Male) |
| 20:14 | Construir | Farm |
| 20:14 | Construir | Farm |
| 20:15 | Construir | Farm |
| 20:15 | Construir | Farm |
| 20:15 | Construir | Farm |
| 20:16 | Construir | Farm |
| 20:30 | Construir | Mining Camp |
| 20:36 | Construir | Palisade Wall |
| 20:44 | Crear | Archer |
| 20:44 | Crear | Skirmisher |
| 21:09 | Crear | Villager (Male) |
| 21:11 | Crear | Villager (Male) |
| 21:12 | Crear | Villager (Male) |
| 21:15 | Construir | House |
| 21:41 | Construir | Market |
| 22:32 | Investigar | Castle Age |
| 23:09 | Construir | House |
| 23:12 | Construir | House |
| 23:13 | Construir | House |
| 23:14 | Construir | House |
| 23:15 | Construir | House |
| 23:26 | Construir | Farm |
| 23:31 | Crear | Villager (Male) |
| 23:32 | Crear | Villager (Male) |
| 23:43 | Crear | Archer |
| 23:44 | Crear | Skirmisher |
| 23:45 | Crear | Archer |
| 24:33 | Investigar | Stone Mining |
| 25:12 | Edad | Edad de los Castillos |
| 25:22 | Construir | Castle |
| 25:53 | Investigar | Crossbowman (upgrade) |
| 25:54 | Investigar | Elite Skirmisher (upgrade) |
| 26:05 | Crear | Villager (Male) |
| 26:05 | Crear | Villager (Male) |
| 26:56 | Construir | Town Center |
| 27:23 | Construir | Palisade Wall |
| 27:28 | Construir | Palisade Wall |
| 27:52 | Crear | Villager (Male) |
| 27:52 | Crear | Villager (Male) |
| 27:52 | Crear | Villager (Male) |
| 27:54 | Crear | Throwing Axeman |
| 27:55 | Crear | Throwing Axeman |
| 27:55 | Crear | Throwing Axeman |
| 28:20 | Crear | Villager (Male) |
| 28:20 | Crear | Villager (Male) |
| 28:23 | Construir | Farm |
| 28:23 | Construir | Farm |
| 28:23 | Construir | Farm |
| 28:24 | Construir | Farm |
| 28:24 | Construir | Farm |
| 28:24 | Construir | Farm |
| 28:24 | Construir | Farm |
| 28:25 | Construir | Farm |
Build order — ikaros
Primeras 150 de 177 acciones detectadas
| 0:29 | Construir | Town Center |
| 1:31 | Crear | Villager (Male) |
| 1:31 | Crear | Villager (Male) |
| 1:32 | Crear | Villager (Male) |
| 1:32 | Crear | Villager (Male) |
| 1:32 | Crear | Villager (Male) |
| 2:45 | Investigar | Loom |
| 2:51 | Crear | Villager (Male) |
| 2:59 | Crear | Villager (Male) |
| 3:08 | Crear | Villager (Male) |
| 3:55 | Crear | Villager (Male) |
| 4:17 | Construir | Mill |
| 4:37 | Crear | Villager (Male) |
| 5:13 | Crear | Villager (Male) |
| 5:19 | Crear | Villager (Male) |
| 5:48 | Crear | Villager (Male) |
| 6:28 | Construir | House |
| 6:30 | Construir | House |
| 6:33 | Crear | Villager (Male) |
| 7:20 | Crear | Villager (Male) |
| 7:20 | Crear | Villager (Male) |
| 7:33 | Construir | Palisade Wall |
| 8:08 | Crear | Villager (Male) |
| 8:21 | Crear | Villager (Male) |
| 8:28 | Construir | House |
| 8:43 | Construir | Barracks |
| 9:22 | Construir | Lumber Camp |
| 9:38 | Construir | Palisade Wall |
| 9:55 | Investigar | Feudal Age |
| 10:07 | Construir | Palisade Wall |
| 10:09 | Crear | Villager (Male) |
| 10:49 | Crear | Villager (Male) |
| 11:06 | Construir | Palisade Wall |
| 11:09 | Construir | Palisade Wall |
| 11:12 | Crear | Villager (Male) |
| 11:52 | Construir | Palisade Gate |
| 12:05 | Edad | Edad Feudal |
| 12:09 | Construir | Market |
| 12:12 | Construir | Blacksmith |
| 12:18 | Construir | Palisade Gate |
| 12:19 | Construir | Palisade Wall |
| 12:42 | Construir | Palisade Gate |
| 13:17 | Investigar | Castle Age |
| 14:14 | Construir | Archery Range |
| 14:40 | Construir | Farm |
| 14:40 | Construir | Farm |
| 14:40 | Construir | Farm |
| 14:40 | Construir | Farm |
| 14:41 | Construir | Farm |
| 15:22 | Construir | Farm |
| 15:57 | Construir | Farm |
| 15:57 | Construir | Farm |
| 15:58 | Construir | Farm |
| 16:00 | Edad | Edad de los Castillos |
| 16:06 | Construir | University |
| 16:17 | Crear | Villager (Male) |
| 16:17 | Crear | Villager (Male) |
| 16:25 | Crear | Villager (Male) |
| 16:26 | Crear | Villager (Male) |
| 16:50 | Construir | Town Center |
| 17:23 | Construir | Palisade Gate |
| 17:29 | Crear | Spearman |
| 17:29 | Crear | Spearman |
| 17:45 | Investigar | Chemistry |
| 17:46 | Crear | Villager (Male) |
| 17:46 | Crear | Villager (Male) |
| 17:47 | Crear | Villager (Male) |
| 18:01 | Construir | House |
| 18:14 | Construir | Mining Camp |
| 18:23 | Construir | Farm |
| 18:33 | Crear | Villager (Male) |
| 18:40 | Investigar | Double-Bit Axe |
| 18:51 | Crear | Villager (Male) |
| 18:52 | Crear | Villager (Male) |
| 19:13 | Crear | Villager (Male) |
| 19:14 | Crear | Villager (Male) |
| 19:14 | Crear | Villager (Male) |
| 19:26 | Crear | Hand Cannoneer |
| 20:00 | Crear | Villager (Male) |
| 20:01 | Crear | Villager (Male) |
| 20:01 | Crear | Villager (Male) |
| 20:19 | Crear | Hand Cannoneer |
| 20:43 | Construir | Town Center |
| 20:48 | Construir | Farm |
| 20:48 | Construir | Farm |
| 20:49 | Construir | Farm |
| 20:49 | Construir | Farm |
| 20:51 | Construir | Farm |
| 20:56 | Construir | Farm |
| 21:05 | Crear | Archer |
| 21:08 | Crear | Hand Cannoneer |
| 21:09 | Crear | Villager (Male) |
| 21:09 | Crear | Villager (Male) |
| 21:09 | Crear | Villager (Male) |
| 21:16 | Construir | House |
| 21:18 | Construir | House |
| 21:27 | Crear | Hand Cannoneer |
| 21:28 | Crear | Hand Cannoneer |
| 21:48 | Crear | Hand Cannoneer |
| 22:05 | Crear | Hand Cannoneer |
| 22:06 | Crear | Villager (Male) |
| 22:06 | Crear | Villager (Male) |
| 22:26 | Crear | Hand Cannoneer |
| 22:30 | Crear | Villager (Male) |
| 22:31 | Crear | Villager (Male) |
| 22:34 | Construir | Farm |
| 22:35 | Construir | Farm |
| 22:35 | Construir | Farm |
| 22:59 | Crear | Villager (Male) |
| 22:59 | Crear | Villager (Male) |
| 23:00 | Crear | Villager (Male) |
| 23:05 | Crear | Villager (Male) |
| 23:05 | Crear | Villager (Male) |
| 23:18 | Investigar | Horse Collar |
| 23:34 | Crear | Hand Cannoneer |
| 23:44 | Construir | Palisade Gate |
| 23:54 | Crear | Villager (Male) |
| 23:54 | Crear | Villager (Male) |
| 23:55 | Crear | Villager (Male) |
| 23:55 | Crear | Villager (Male) |
| 24:09 | Crear | Spearman |
| 24:10 | Crear | Spearman |
| 24:20 | Construir | Barracks |
| 24:21 | Crear | Villager (Male) |
| 24:21 | Crear | Villager (Male) |
| 24:31 | Crear | Hand Cannoneer |
| 24:46 | Construir | House |
| 24:47 | Construir | House |
| 25:05 | Crear | Spearman |
| 25:05 | Crear | Spearman |
| 25:11 | Investigar | Pikeman (upgrade) |
| 25:18 | Construir | House |
| 25:20 | Construir | House |
| 25:44 | Crear | Spearman |
| 25:44 | Crear | Spearman |
| 25:49 | Crear | Spearman |
| 25:49 | Crear | Spearman |
| 25:55 | Crear | Hand Cannoneer |
| 26:03 | Construir | Archery Range |
| 26:15 | Crear | Hand Cannoneer |
| 26:26 | Crear | Hand Cannoneer |
| 26:26 | Crear | Hand Cannoneer |
| 26:45 | Crear | Spearman |
| 26:45 | Crear | Spearman |
| 27:00 | Crear | Hand Cannoneer |
| 27:01 | Crear | Hand Cannoneer |
| 27:01 | Crear | Hand Cannoneer |
| 27:14 | Construir | Castle |
| 27:46 | Crear | Hand Cannoneer |
| 27:46 | Crear | Hand Cannoneer |
Build order — Benitto Burrito
Primeras 150 de 243 acciones detectadas
| 0:03 | Construir | Town Center |
| 1:12 | Investigar | Loom |
| 1:24 | Construir | House |
| 1:37 | Construir | House |
| 1:57 | Crear | Villager (Male) |
| 1:57 | Crear | Villager (Male) |
| 1:57 | Crear | Villager (Male) |
| 2:29 | Crear | Villager (Male) |
| 2:30 | Crear | Villager (Male) |
| 2:30 | Crear | Villager (Male) |
| 2:41 | Construir | Lumber Camp |
| 2:52 | Crear | Villager (Male) |
| 2:52 | Crear | Villager (Male) |
| 2:53 | Crear | Villager (Male) |
| 3:17 | Crear | Villager (Male) |
| 3:18 | Crear | Villager (Male) |
| 3:18 | Crear | Villager (Male) |
| 3:18 | Crear | Villager (Male) |
| 3:42 | Crear | Villager (Male) |
| 3:42 | Crear | Villager (Male) |
| 3:43 | Crear | Villager (Male) |
| 3:43 | Crear | Villager (Male) |
| 4:14 | Crear | Villager (Male) |
| 4:14 | Crear | Villager (Male) |
| 5:17 | Construir | Mining Camp |
| 5:28 | Crear | Villager (Male) |
| 6:19 | Investigar | Feudal Age |
| 6:20 | Investigar | Feudal Age |
| 6:20 | Investigar | Feudal Age |
| 7:19 | Construir | Barracks |
| 7:59 | Crear | Villager (Male) |
| 8:00 | Crear | Villager (Male) |
| 8:29 | Edad | Edad Feudal |
| 8:32 | Construir | Archery Range |
| 8:34 | Construir | Archery Range |
| 8:55 | Construir | Blacksmith |
| 9:15 | Crear | Villager (Male) |
| 9:19 | Crear | Archer |
| 9:21 | Crear | Archer |
| 9:29 | Construir | House |
| 9:32 | Construir | House |
| 9:42 | Crear | Villager (Male) |
| 9:59 | Crear | Archer |
| 9:59 | Crear | Archer |
| 10:10 | Investigar | Fletching |
| 10:35 | Crear | Archer |
| 10:35 | Crear | Archer |
| 10:35 | Crear | Archer |
| 10:35 | Crear | Archer |
| 10:50 | Crear | Archer |
| 10:51 | Crear | Archer |
| 10:51 | Crear | Archer |
| 11:01 | Crear | Villager (Male) |
| 11:01 | Crear | Villager (Male) |
| 11:01 | Crear | Villager (Male) |
| 11:19 | Crear | Archer |
| 11:19 | Crear | Archer |
| 11:35 | Crear | Villager (Male) |
| 11:35 | Crear | Villager (Male) |
| 11:35 | Crear | Villager (Male) |
| 11:48 | Crear | Archer |
| 12:36 | Crear | Villager (Male) |
| 12:37 | Crear | Villager (Male) |
| 12:37 | Crear | Archer |
| 12:37 | Crear | Archer |
| 12:38 | Crear | Archer |
| 12:38 | Crear | Archer |
| 13:12 | Crear | Villager (Male) |
| 13:12 | Crear | Villager (Male) |
| 13:12 | Crear | Villager (Male) |
| 13:18 | Crear | Archer |
| 13:18 | Crear | Archer |
| 13:19 | Crear | Archer |
| 13:23 | Crear | Villager (Male) |
| 13:23 | Crear | Villager (Male) |
| 13:50 | Crear | Villager (Male) |
| 13:50 | Crear | Villager (Male) |
| 13:55 | Construir | House |
| 13:56 | Construir | House |
| 13:57 | Construir | House |
| 13:58 | Construir | House |
| 14:18 | Construir | Mill |
| 14:27 | Crear | Villager (Male) |
| 14:52 | Investigar | Double-Bit Axe |
| 15:05 | Crear | Archer |
| 15:05 | Crear | Archer |
| 15:05 | Crear | Archer |
| 15:06 | Crear | Archer |
| 15:06 | Crear | Archer |
| 15:06 | Crear | Archer |
| 15:06 | Crear | Archer |
| 15:06 | Crear | Archer |
| 15:07 | Crear | Archer |
| 15:24 | Crear | Villager (Male) |
| 15:25 | Crear | Villager (Male) |
| 15:34 | Construir | Mill |
| 16:15 | Crear | Villager (Male) |
| 16:15 | Crear | Villager (Male) |
| 16:35 | Crear | Villager (Male) |
| 16:42 | Crear | Archer |
| 16:42 | Crear | Archer |
| 17:23 | Crear | Villager (Male) |
| 17:23 | Crear | Villager (Male) |
| 17:27 | Crear | Archer |
| 17:28 | Crear | Archer |
| 17:32 | Construir | Farm |
| 17:32 | Construir | Farm |
| 17:32 | Construir | Farm |
| 17:32 | Construir | Farm |
| 17:32 | Construir | Farm |
| 17:33 | Construir | Farm |
| 17:33 | Investigar | Horse Collar |
| 17:34 | Investigar | Horse Collar |
| 17:34 | Investigar | Horse Collar |
| 18:18 | Crear | Archer |
| 18:18 | Crear | Archer |
| 18:19 | Crear | Archer |
| 18:22 | Construir | House |
| 18:23 | Construir | House |
| 18:26 | Construir | Farm |
| 18:26 | Construir | Farm |
| 18:26 | Construir | Farm |
| 18:26 | Construir | Farm |
| 18:38 | Construir | Lumber Camp |
| 18:41 | Crear | Villager (Male) |
| 18:41 | Crear | Villager (Male) |
| 18:41 | Crear | Villager (Male) |
| 19:09 | Crear | Archer |
| 19:09 | Crear | Archer |
| 19:10 | Crear | Spearman |
| 19:11 | Crear | Spearman |
| 19:12 | Crear | Villager (Male) |
| 19:12 | Crear | Villager (Male) |
| 19:40 | Crear | Villager (Male) |
| 19:40 | Crear | Villager (Male) |
| 19:51 | Construir | Lumber Camp |
| 20:13 | Construir | Mill |
| 20:18 | Construir | House |
| 20:29 | Construir | Farm |
| 20:29 | Construir | Farm |
| 20:38 | Investigar | Castle Age |
| 21:52 | Crear | Archer ×5 |
| 21:58 | Construir | Mill |
| 22:14 | Crear | Archer |
| 22:14 | Crear | Archer |
| 22:19 | Investigar | Padded Archer Armor |
| 22:25 | Construir | House |
| 22:32 | Construir | House |
| 22:34 | Construir | House |
| 22:46 | Investigar | Gold Mining |
Build order — Avar
146 acciones detectadas en el replay
| 0:05 | Construir | Town Center |
| 1:06 | Crear | Villager (Male) |
| 1:06 | Crear | Villager (Male) |
| 1:07 | Crear | Villager (Male) |
| 1:07 | Crear | Villager (Male) |
| 1:21 | Construir | Lumber Camp |
| 2:25 | Crear | Villager (Male) |
| 2:25 | Crear | Villager (Male) |
| 3:00 | Crear | Villager (Male) |
| 3:37 | Crear | Villager (Male) |
| 3:38 | Crear | Villager (Male) |
| 3:38 | Crear | Villager (Male) |
| 3:38 | Crear | Villager (Male) |
| 3:45 | Construir | House |
| 3:52 | Construir | House |
| 4:38 | Construir | Mill |
| 5:05 | Construir | Mill |
| 5:12 | Crear | Villager (Male) |
| 5:12 | Crear | Villager (Male) |
| 5:30 | Crear | Villager (Male) |
| 6:22 | Crear | Villager (Male) |
| 6:26 | Crear | Villager (Male) |
| 7:10 | Crear | Villager (Male) |
| 7:26 | Investigar | Loom |
| 7:59 | Investigar | Feudal Age |
| 7:59 | Investigar | Feudal Age |
| 7:59 | Investigar | Feudal Age |
| 8:04 | Construir | Barracks |
| 8:20 | Construir | House |
| 8:23 | Construir | House |
| 8:28 | Construir | House |
| 8:37 | Construir | Palisade Wall |
| 8:59 | Crear | Militia |
| 8:59 | Crear | Militia |
| 9:00 | Crear | Militia |
| 9:12 | Construir | Mining Camp |
| 9:30 | Crear | Villager (Male) |
| 10:09 | Edad | Edad Feudal |
| 10:12 | Crear | Militia |
| 10:47 | Crear | Villager (Male) |
| 10:47 | Crear | Villager (Male) |
| 10:57 | Construir | Mill |
| 11:13 | Construir | Watch Tower |
| 11:24 | Investigar | Man-at-Arms (upgrade) |
| 11:26 | Crear | Villager (Male) |
| 11:53 | Crear | Spearman |
| 11:58 | Crear | Spearman |
| 12:11 | Construir | House |
| 12:13 | Construir | House |
| 12:18 | Crear | Villager (Male) ×5 |
| 12:21 | Crear | Spearman |
| 12:25 | Construir | House |
| 12:29 | Crear | Spearman |
| 13:44 | Construir | Market |
| 14:05 | Crear | Villager (Male) |
| 14:09 | Construir | Lumber Camp |
| 14:41 | Construir | Blacksmith |
| 15:18 | Investigar | Castle Age |
| 15:32 | Construir | Mining Camp |
| 15:43 | Investigar | Stone Mining |
| 15:48 | Investigar | Double-Bit Axe |
| 15:48 | Investigar | Double-Bit Axe |
| 16:55 | Construir | Archery Range |
| 17:53 | Crear | Skirmisher |
| 17:54 | Crear | Skirmisher |
| 17:58 | Edad | Edad de los Castillos |
| 18:15 | Crear | Villager (Male) |
| 18:15 | Crear | Skirmisher |
| 18:16 | Crear | Skirmisher |
| 18:19 | Crear | Militia |
| 18:19 | Crear | Militia |
| 18:25 | Investigar | Fletching |
| 19:22 | Construir | Castle |
| 19:27 | Crear | Villager (Male) |
| 19:33 | Construir | Farm |
| 19:33 | Construir | Farm |
| 19:33 | Construir | Farm |
| 19:33 | Construir | Farm |
| 19:34 | Construir | Farm |
| 19:39 | Construir | Farm |
| 19:50 | Construir | Farm |
| 20:06 | Construir | Farm |
| 20:14 | Construir | House |
| 20:20 | Construir | House |
| 20:42 | Crear | Huskarl |
| 20:43 | Crear | Huskarl |
| 20:43 | Crear | Huskarl |
| 21:06 | Construir | Lumber Camp |
| 21:18 | Crear | Villager (Male) |
| 21:18 | Crear | Villager (Male) |
| 21:24 | Construir | House |
| 21:30 | Crear | Skirmisher |
| 22:02 | Crear | Villager (Male) ×2 |
| 22:25 | Construir | Mining Camp |
| 22:30 | Crear | Villager (Male) ×2 |
| 22:46 | Construir | Farm |
| 22:50 | Crear | Villager (Male) ×2 |
| 23:09 | Crear | Huskarl |
| 23:29 | Construir | Farm |
| 23:32 | Crear | Villager (Male) ×3 |
| 23:57 | Crear | Huskarl |
| 24:02 | Crear | Huskarl |
| 24:33 | Crear | Huskarl |
| 24:33 | Crear | Huskarl |
| 24:50 | Investigar | Scale Mail Armor |
| 24:50 | Investigar | Scale Mail Armor |
| 24:55 | Construir | Farm |
| 25:04 | Crear | Villager (Male) |
| 25:38 | Crear | Villager (Male) ×3 |
| 25:48 | Construir | Farm |
| 25:49 | Construir | Farm |
| 25:49 | Construir | Farm |
| 25:50 | Construir | Farm |
| 25:50 | Construir | Farm |
| 25:51 | Construir | Farm |
| 25:51 | Construir | Farm |
| 25:51 | Construir | Farm |
| 25:51 | Construir | Farm |
| 25:52 | Construir | Farm |
| 25:52 | Construir | Farm |
| 26:00 | Crear | Huskarl |
| 26:00 | Crear | Huskarl |
| 26:00 | Crear | Huskarl |
| 26:22 | Construir | Town Center |
| 26:26 | Crear | Villager (Male) ×2 |
| 26:35 | Construir | Farm |
| 26:39 | Construir | Farm |
| 26:42 | Crear | Huskarl |
| 26:42 | Crear | Huskarl |
| 26:58 | Crear | Villager (Male) |
| 27:32 | Crear | Villager (Male) |
| 27:44 | Construir | Farm |
| 27:45 | Crear | Villager (Male) ×5 |
| 27:56 | Crear | Huskarl |
| 27:57 | Crear | Huskarl |
| 28:09 | Crear | Villager (Male) |
| 28:15 | Crear | Villager (Male) |
| 28:15 | Crear | Villager (Male) |
| 28:45 | Crear | Villager (Male) ×5 |
| 28:53 | Construir | Farm |
| 29:04 | Construir | Town Center |
| 29:05 | Crear | Villager (Male) |
| 29:14 | Crear | Huskarl ×2 |
| 29:25 | Investigar | Forging |
| 29:59 | Crear | Huskarl ×3 |
| 30:28 | Crear | Villager (Male) ×4 |
Cronología de la partida
| 6:06 | PeterPan · first_building Barracks |
| 7:19 | Benitto Burrito · first_building Barracks |
| 7:24 | Medina90 · first_building Barracks |
| 7:29 | Monsoon Neutralizer · first_building Barracks |
| 7:33 | ikaros · wall_segment Palisade Wall x3 |
| 7:42 | memecoin enthusiast · first_building Barracks |
| 7:52 | PeterPan · wall_segment Palisade Wall x4 |
| 8:04 | Avar · first_building Barracks |
| 8:11 | Welldone · first_building Barracks |
| 8:27 | Medina90 · wall_segment Palisade Wall x16 |
| 8:29 | Benitto Burrito · age_up feudal |
| 8:32 | Benitto Burrito · first_building Archery Range |
| 8:37 | Avar · wall_segment Palisade Wall x4 |
| 8:43 | ikaros · first_building Barracks |
| 8:52 | memecoin enthusiast · age_up feudal |
| 8:56 | memecoin enthusiast · first_building Stable |
| 9:08 | PeterPan · wall_segment Palisade Wall x2 |
| 9:09 | PeterPan · age_up feudal |
| 9:11 | PeterPan · first_building Stable |
| 9:13 | Medina90 · age_up feudal |
| 9:18 | Medina90 · first_building Stable |
| 9:38 | ikaros · wall_segment Palisade Wall x2 |
| 9:59 | PeterPan · wall_segment Palisade Wall x3 |
| 10:07 | ikaros · wall_segment Palisade Wall x3 |
| 10:09 | Avar · age_up feudal |
| 10:42 | PeterPan · wall_segment Palisade Wall x2 |
| 10:48 | Monsoon Neutralizer · age_up feudal |
| 10:51 | Monsoon Neutralizer · first_building Stable |
| 10:53 | Medina90 · first_building Archery Range |
| 11:06 | ikaros · wall_segment Palisade Wall x2 |
| 11:09 | ikaros · wall_segment Palisade Wall x7 |
| 11:46 | Welldone · age_up feudal |
| 12:05 | ikaros · age_up feudal |
| 12:17 | PeterPan · wall_segment Palisade Wall x2 |
| 12:19 | ikaros · wall_segment Palisade Wall x1 |
| 13:14 | memecoin enthusiast · wall_segment Palisade Wall x1 |
| 13:15 | ikaros · first_market_buy 100 food |
| 13:16 | memecoin enthusiast · wall_segment Palisade Wall x1 |
| 14:14 | ikaros · first_building Archery Range |
| 14:43 | Welldone · first_building Archery Range |
| 16:00 | ikaros · age_up castle |
| 16:07 | memecoin enthusiast · wall_segment Palisade Wall x12 |
| 16:10 | memecoin enthusiast · wall_segment Palisade Wall x10 |
| 16:13 | memecoin enthusiast · wall_segment Palisade Wall x9 |
| 16:55 | Avar · first_building Archery Range |
| 17:48 | memecoin enthusiast · wall_segment Palisade Wall x1 |
| 17:50 | memecoin enthusiast · wall_segment Palisade Wall x2 |
| 17:51 | memecoin enthusiast · wall_segment Palisade Wall x1 |
| 17:54 | memecoin enthusiast · wall_segment Palisade Wall x6 |
| 17:57 | memecoin enthusiast · wall_segment Palisade Wall x12 |
| 17:58 | Avar · age_up castle |
| 18:16 | Medina90 · wall_segment Palisade Wall x3 |
| 19:19 | Welldone · first_market_sell 100 stone |
| 19:20 | Medina90 · wall_segment Palisade Wall x1 |
| 19:22 | Medina90 · wall_segment Palisade Wall x1 |
| 19:22 | Avar · first_building Castle |
| 19:47 | Medina90 · wall_segment Palisade Wall x6 |
| 20:36 | Medina90 · wall_segment Palisade Wall x1 |
| 20:50 | memecoin enthusiast · age_up castle |
| 20:57 | Avar · first_market_sell 100 stone |
| 20:59 | Avar · first_market_buy 100 wood |
| 22:10 | Welldone · age_up castle |
| 22:24 | Medina90 · first_market_buy 100 food |
| 22:31 | Medina90 · first_market_sell 100 wood |
| 23:26 | Benitto Burrito · age_up castle |
| 23:29 | PeterPan · first_market_buy 100 food |
| 23:30 | PeterPan · first_market_sell 100 wood |
| 24:59 | Monsoon Neutralizer · age_up castle |
| 25:12 | Medina90 · age_up castle |
| 25:22 | Medina90 · first_building Castle |
| 26:03 | Benitto Burrito · first_building Siege Workshop |
| 26:13 | PeterPan · age_up castle |
| 27:14 | Welldone · first_building Castle |
| 27:14 | ikaros · first_building Castle |
| 27:23 | Medina90 · wall_segment Palisade Wall x1 |
| 27:28 | Medina90 · wall_segment Palisade Wall x1 |
| 27:41 | memecoin enthusiast · first_market_buy 100 food |
| 29:24 | Medina90 · first_building Siege Workshop |
| 29:28 | PeterPan · resign |
[ ANÁLISIS IA · 1 CRÉDITO ]
¿Qué pasó realmente en esta partida?
Wolo.gg analiza cada decisión: build order, eco, micro, errores típicos por bracket. Análisis personalizado por WhatsApp o Discord en 30 segundos.
Guía civ
Persas
Perfil
Jugador #24572382